cohdb
Replays
Latest Replays
All Replays
Popular Replays
Top Player Replays
Match Explorer
How It Works
Community
CoH3 Stats
Reddit
Sign in to upload your games and track your stats! →
Sign in with Steam
Match 44335045
Unlisted
Match 44335045
Overview
Messages
Build Orders
End
Construct Weapon Support Center
Engineer Squad
M1919 Machine Gun Team
Bazooka Squad
M1919 Machine Gun Team
Mechanized Support Center
M3 Armored Personnel Carrier
Selects Heavy Weapons
Selects Assault Carriers
M3 Assault Carrier
Construct Medical Station
Selects M2HB .50cal Heavy Machine Gun
Construct Barracks
Riflemen Squad
M3 Assault Carrier
Riflemen Squad
Riflemen Squad
M1918 Browning Automatic Rifles
Grenade Package
Selects Gallant Stand
Salvage Crew
M1919 Machine Gun Team
M3 Assault Carrier
Engineer Squad
Construct Tank Depot
Selects Exchangeable Parts
M4A1 Sherman Medium Tank
Improvised Armor
Designate Forward Repair Station
M4A1 Sherman Medium Tank
M4A1 76mm Conversion
Rapid Repairs
Selects M26 Pershing Heavy Tank
M26 Pershing Heavy Tank
Szejten
cannot compute
Valar Morghulis
undefined
0
0
Comments
sign in to comment!
No comments posted yet!